Workbook

Sheet RECAPE DR CARLOS BURGOS
D2: PLANILHA ORÇAMENTÁRIA
D4: Obra:- RECAPE DE TRECHO DA AV DR CARLOS BURGOS
D5: Local :- Av Dr. Carlos Burgos trecho do Posto de Saude
D6: Bases:- SINAPI - Boletim 07/2021; SIURB 01/2021 e CDHU Bol 183 de 08/2021
D7: Data planilha 15/10/2021
A9: Item | C9: Fonte | D9: Macrosserviço / Serviço | E9: Qtd. | F9: Und. | G9: Custo Unitário | H9: BDI | I9: Preço Unitário | J9: Preço Total
A10: 1 | D10: Serviços Iniciais | J10: 1712.46
A11: 1.1 | C11: SINAPI - 4813 | D11: PLACA DE OBRA (PARA CONSTRUCAO CIVIL) EM CHAPA GALVANIZADA *N. 22*, ADESIVADA, DE *2,0 X 1,125* M | E11: 6 | F11: M2 | G11: R$ 225,00 | H11: 0.2685 | I11: R$ 285,41 | J11: 1712.46
A12: 2 | D12: Demolições e Retiradas | J12: 26900.57
A13: 2.1 | C13: SINAPI - 96001 | D13: FRESAGEM DE PAVIMENTO ASFÁLTICO (PROFUNDIDADE ATÉ 5,0 CM) - EXCLUSIVE TRANSPORTE. AF_11/2019 | E13: 3262.51 | F13: M2 | G13: R$ 6,45 | H13: 0.2685 | I13: R$ 8,18 | J13: 26687.33
A14: 2.2 | C14: SINAPI - 95430 | D14: TRANSPORTE COM CAMINHÃO BASCULANTE DE 18 M³, EM VIA URBANA PAVIMENTADA, ADICIONAL PARA DMT EXCEDENTE A 30 KM (UNIDADE: TXKM). AF_07/2020 | E14: 495.9 | F14: TXKM | G14: R$ 0,34 | H14: 0.2685 | I14: R$ 0,43 | J14: 213.24
A15: 3 | D15: Pavimentação | J15: 309626.09
A16: 3.1 | C16: SINAPI - 96402 | D16: EXECUÇÃO DE PINTURA DE LIGAÇÃO COM EMULSÃO ASFÁLTICA RR-2C. AF_11/2019 | E16: 3262.51 | F16: M2 | G16: R$ 2,29 | H16: 0.2685 | I16: R$ 2,90 | J16: 9461.28
A17: 3.2 | C17: SINAPI - 95996 | D17: EXECUÇÃO DE PAVIMENTO COM APLICAÇÃO DE CONCRETO ASFÁLTICO, CAMADA DE BINDER - EXCLUSIVE CARGA E TRANSPORTE. AF_11/2019 | E17: 97.87 | F17: M3 | G17: R$ 1.078,51 | H17: 0.2685 | I17: R$ 1.368,09 | J17: 133894.97
A18: 3.3 | C18: SINAPI - 95430 | D18: TRANSPORTE COM CAMINHÃO BASCULANTE DE 18 M³, EM VIA URBANA PAVIMENTADA, ADICIONAL PARA DMT EXCEDENTE A 30 KM (UNIDADE: TXKM). AF_07/2020 | E18: 6910.6 | F18: TXKM | G18: R$ 0,34 | H18: 0.2685 | I18: R$ 0,43 | J18: 2971.56
A19: 3.4 | C19: SINAPI - 96402 | D19: EXECUÇÃO DE PINTURA DE LIGAÇÃO COM EMULSÃO ASFÁLTICA RR-2C. AF_11/2019 | E19: 3467.16 | F19: M2 | G19: R$ 2,29 | H19: 0.2685 | I19: R$ 2,90 | J19: 10054.76
A20: 3.5 | C20: SINAPI - 95995 | D20: EXECUÇÃO DE PAVIMENTO COM APLICAÇÃO DE CONCRETO ASFÁLTICO, CAMADA DE ROLAMENTO - EXCLUSIVE CARGA E TRANSPORTE. AF_11/2019 | E20: 104.01 | F20: M3 | G20: R$ 1.137,56 | H20: 0.2685 | I20: R$ 1.442,99 | J20: 150085.39
A21: 3.6 | C21: SINAPI - 95430 | D21: TRANSPORTE COM CAMINHÃO BASCULANTE DE 18 M³, EM VIA URBANA PAVIMENTADA, ADICIONAL PARA DMT EXCEDENTE A 30 KM (UNIDADE: TXKM). AF_07/2020 | E21: 7344.49 | F21: TXKM | G21: R$ 0,34 | H21: 0.2685 | I21: R$ 0,43 | J21: 3158.13
A22: 4 | D22: Sinalização | J22: 8390.31
A23: 4.1 | C23: SINAPI - 102500 | D23: PINTURA DE DEMARCAÇÃO DE VAGA COM TINTA ACRÍLICA, E = 10 CM, APLICAÇÃO MANUAL. AF_05/2021 | E23: 1100.11 | F23: M | G23: R$ 3,90 | H23: 0.2685 | I23: R$ 4,95 | J23: 5445.54
A24: 4.2 | C24: SINAPI - 102501 | D24: PINTURA DE FAIXA DE PEDESTRE OU ZEBRADA COM TINTA ACRÍLICA, E = 30 CM, APLICAÇÃO MANUAL. AF_05/2021 | E24: 106.54 | F24: M2 | G24: R$ 21,79 | H24: 0.2685 | I24: R$ 27,64 | J24: 2944.77
A25: 5 | D25: Drenagem | J25: 16672.15
A26: 5.1 | C26: SINAPI - 94273 | D26: ASSENTAMENTO DE GUIA (MEIO-FIO) EM TRECHO RETO, CONFECCIONADA EM CONCRETO PRÉ-FABRICADO, DIMENSÕES 100X15X13X30 CM (COMPRIMENTO X BASE INFERIOR X BASE SUPERIOR X ALTURA), PARA VIAS URBANAS (USO VIÁRIO). AF_06/2016 | E26: 157.97 | F26: M | G26: R$ 40,12 | H26: 0.2685 | I26: R$ 50,89 | J26: 8039.09
A27: 5.2 | C27: SINAPI - 94281 | D27: EXECUÇÃO DE SARJETA DE CONCRETO USINADO, MOLDADA IN LOCO EM TRECHO RETO, 30 CM BASE X 15 CM ALTURA. AF_06/2016 | E27: 157.97 | F27: M | G27: R$ 43,08 | H27: 0.2685 | I27: R$ 54,65 | J27: 8633.06
A29: Total Orçamento | J29: R$ 363.301,58
C32: ='Cronograma Fisico Financeiro'!C22 -> Carlos Eduardo Mazzetto
C33: ='Cronograma Fisico Financeiro'!C23 -> Engenheiro Civil - SMDU
C34: ='Cronograma Fisico Financeiro'!C24 -> ART 28027230211275336

Sheet Cronograma Fisico Financeiro
D3: CRONOGRAMA FISICO FINANCEIRO
D5: ='RECAPE DR CARLOS BURGOS'!D4 -> Obra:- RECAPE DE TRECHO DA AV DR CARLOS BURGOS
D6: ='RECAPE DR CARLOS BURGOS'!D5 -> Local :- Av Dr. Carlos Burgos trecho do Posto de Saude
D7: ='RECAPE DR CARLOS BURGOS'!D6 -> Bases:- SINAPI - Boletim 07/2021; SIURB 01/2021 e CDHU Bol 183 de 08/2021
D8: ='RECAPE DR CARLOS BURGOS'!D7 -> Data planilha 15/10/2021
E10: 1º mês | G10: 2º mês | I10: 3º mês | K10: 4º mês | M10: 5º mês | O10: 6º mês
A11: Item | B11: Etapa da Obra | C11: Valor | D11: % | E11: part | F11: % | G11: part | H11: % | I11: part | J11: % | K11: part | L11: % | M11: part | N11: % | O11: part | P11: %
A12: ='RECAPE DR CARLOS BURGOS'!A10 -> 1 | B12: ='RECAPE DR CARLOS BURGOS'!D10 -> Serviços Iniciais | C12: ='RECAPE DR CARLOS BURGOS'!J10 -> 1712.46 | D12: =C12/C17 -> 0.0047136046 | E12: =C12 -> 1712.46 | F12: =E12/C12 -> 1
A13: ='RECAPE DR CARLOS BURGOS'!A12 -> 2 | B13: ='RECAPE DR CARLOS BURGOS'!D12 -> Demolições e Retiradas | C13: ='RECAPE DR CARLOS BURGOS'!J12 -> 26900.57 | D13: =C13/C17 -> 0.074044737 | G13: 26900.57 | H13: =100% -> 1
A14: ='RECAPE DR CARLOS BURGOS'!A15 -> 3 | B14: ='RECAPE DR CARLOS BURGOS'!D15 -> Pavimentação | C14: ='RECAPE DR CARLOS BURGOS'!J15 -> 309626.09 | D14: =C14/C17 -> 0.85225638 | K14: =C14/2 -> 154813.05 | L14: =K14/C14 -> 0.5 | M14: =C14/2 -> 154813.05 | N14: =M14/C14 -> 0.5
A15: ='RECAPE DR CARLOS BURGOS'!A22 -> 4 | B15: ='RECAPE DR CARLOS BURGOS'!D22 -> Sinalização | C15: ='RECAPE DR CARLOS BURGOS'!J22 -> 8390.31 | D15: =C15/C17 -> 0.023094615 | O15: =C15 -> 8390.31 | P15: 1
A16: 5 | B16: ='RECAPE DR CARLOS BURGOS'!D25 -> Drenagem | C16: ='RECAPE DR CARLOS BURGOS'!J25 -> 16672.15 | D16: =C16/C17 -> 0.045890662 | I16: =C16 -> 16672.15 | J16: =I16/C16 -> 1
B17: Total | C17: =SUM(C12:C16) -> 363301.58 | D17: =SUM(D12:D16) -> 1 | E17: =SUM(E12:E15) -> 1712.46 | F17: =E17/C17 -> 0.0047136046 | G17: =G13 -> 26900.57 | H17: 0.074 | I17: =SUM(I16:I16) -> 16672.15 | J17: =I17/C17 -> 0.045890662 | K17: =SUM(K14:K16) -> 154813.05 | L17: =K17/C17 -> 0.42612819 | M17: =SUM(M14:M15) -> 154813.05 | N17: =M17/C17 -> 0.42612819 | O17: =SUM(O15) -> 8390.31 | P17: =O17/C17 -> 0.023094615
B18: Total Acumulado | E18: =E17 -> 1712.46 | F18: =F17 -> 0.0047136046 | G18: =E18+G17 -> 28613.03 | H18: =G18/C17 -> 0.078758342 | I18: =G18+I17 -> 45285.18 | J18: =H18+J17 -> 0.124649 | K18: =I18+K17 -> 200098.23 | L18: =K18/C17 -> 0.55077719 | M18: =K18+M17 -> 354911.27 | N18: =M18/C17 -> 0.97690539 | O18: =M18+O17 -> 363301.58 | P18: =N18+P17 -> 1
C22: Carlos Eduardo Mazzetto
C23: Engenheiro Civil - SMDU
C24: ART 28027230211275336

Sheet BDI
F1: Quadro de Composição do BDI | I1: Grau de Sigilo
I2: #PUBLICO
A7: PROPONENTE / TOMADOR
A8: Município de Amparo
A10: APELIDO DO EMPREENDIMENTO / DESCRIÇÃO DO LOTE
A11: ='RECAPE DR CARLOS BURGOS'!D4 -> Obra:- RECAPE DE TRECHO DA AV DR CARLOS BURGOS
A13: Conforme legislação tributária municipal, definir estimativa de percentual da base de cálculo para o ISS: | I13: 0.6
A14: Sobre a base de cálculo, definir a respectiva alíquota do ISS (entre 2% e 5%): | I14: 0.05
A17: BDI 1
A19: TIPO DE OBRA
A20: Construção de Praças Urbanas, Rodovias, Ferrovias e recapeamento e pavimentação de vias urbanas
A22: Itens | I22: Siglas | J22: % Adotado
A24: Administração Central | I24: AC | J24: 0.038
A25: Seguro e Garantia | I25: SG | J25: 0.0032
A26: Risco | I26: R | J26: 0.005
A27: Despesas Financeiras | I27: DF | J27: 0.0102
A28: Lucro | I28: L | J28: 0.0664
A29: Tributos (impostos COFINS 3%, e PIS 0,65%) | I29: CP | J29: 0.0365
A30: Tributos (ISS, variável de acordo com o município) | I30: ISS | J30: 0.03
A31: Tributos (Contribuição Previdenciária sobre a Receita Bruta - 0% ou 4,5% - Desoneração) | I31: CPRB | J31: 0.045
A32: BDI SEM desoneração (Fórmula Acórdão TCU) | I32: BDI PAD | J32: 0.2073
A33: BDI COM desoneração | I33: BDI DES | J33: 0.2685
A37: Os valores de BDI foram calculados com o emprego da fórmula:
D38: BDI = | E38: (1+AC + S + R + G)*(1 + DF)*(1+L) | H38: - 1
E39: (1-CP-ISS-CRPB)
A41: Declaro para os devidos fins que, conforme legislação tributária municipal, a base de cálculo deste tipo de obra corresponde à 60%, com a respectiva alíquota de 5%.
A43: Declaro para os devidos fins que o regime de Contribuição Previdenciária sobre a Receita Bruta adotado para elaboração do orçamento foi COM Desoneração, e que esta é a alternativa mais adequada para a Administração Pública.
A45: Observações:
A48: Amparo / SP | G48: 05 de outubro de 2021
A49: Local | G49: Data
A52: Responsável Técnico
A53: Nome: | B53: Mônica de Souza Lenzi Baraldi
A54: CREA/CAU: | B54: 5060266194
A55: ART/RRT: | B55: 28027230210878296
